[ AOE2 MATCH · #505107850 ]
UnrankedSicilians vs Poles
Player's team · WIN
[ REPLAY ANALYSIS · EXTRACTED FROM THE RECORDED GAME ]
Feudal
8:55
Castle
—
Imperial
—
| APM avg | 49.5 |
| APM peak | 88 |
| eAPM avg | 24.4 |
| Villagers / military | 46 / 23 |
Focus
⚔️ 26.1% · 🌾 73.9%
Serjeant ×12 · Archer ×11
Feudal
13:38
Castle
—
Imperial
—
| APM avg | 52.6 |
| APM peak | 104 |
| eAPM avg | 30.7 |
| Villagers / military | 60 / 3 |
Focus
⚔️ 26.5% · 🌾 73.5%
Militia ×3
Match map
Initial resources + every placement click. Lines = walls · curves = elevation contours. ◆ gold · ⬟ stone · ● berries · ✦ relic · ◌ wall gap
Your base· Open — unwalled flank
L's base· Open — 7t gap
Smoothed initial terrain · ◌ = detected wall gap · hover for details
Inputs per minute
— Solaiman III - - L
Build order — Solaiman III
130 actions detected in the replay
| 0:01 | Queue | Villager (Male) |
| 0:02 | Build | House |
| 0:03 | Build | House |
| 0:06 | Queue | Villager (Male) |
| 0:11 | Queue | Villager (Male) |
| 0:12 | Queue | Villager (Male) |
| 1:40 | Queue | Villager (Male) |
| 2:02 | Queue | Villager (Male) |
| 2:02 | Queue | Villager (Male) |
| 2:08 | Build | Lumber Camp |
| 2:21 | Queue | Villager (Male) |
| 2:21 | Queue | Villager (Male) |
| 2:53 | Queue | Villager (Male) |
| 2:54 | Queue | Villager (Male) |
| 3:28 | Build | House |
| 3:30 | Build | Palisade Wall |
| 3:35 | Queue | Villager (Male) |
| 3:47 | Build | House |
| 3:54 | Queue | Villager (Male) |
| 4:00 | Queue | Villager (Male) |
| 4:00 | Queue | Villager (Male) |
| 4:25 | Queue | Villager (Male) |
| 4:51 | Queue | Villager (Male) |
| 5:05 | Build | Mill |
| 5:07 | Queue | Villager (Male) |
| 5:28 | Queue | Villager (Male) |
| 5:45 | Queue | Villager (Male) |
| 5:53 | Research | Loom |
| 5:53 | Research | Loom |
| 6:45 | Research | Feudal Age |
| 6:45 | Research | Feudal Age |
| 8:14 | Build | Donjon |
| 8:41 | Queue | Villager (Male) |
| 8:41 | Queue | Villager (Male) |
| 8:50 | Build | House |
| 8:51 | Build | House |
| 8:55 | Age | Feudal Age |
| 9:08 | Queue | Serjeant |
| 9:08 | Queue | Serjeant |
| 9:27 | Queue | Serjeant |
| 9:32 | Build | Archery Range |
| 9:57 | Queue | Serjeant |
| 10:00 | Queue | Villager (Male) |
| 10:06 | Build | House |
| 10:48 | Queue | Archer |
| 10:53 | Queue | Villager (Male) |
| 11:00 | Queue | Villager (Male) |
| 11:02 | Build | House |
| 11:13 | Queue | Villager (Male) |
| 11:29 | Build | Mining Camp |
| 11:40 | Build | Mining Camp |
| 11:41 | Queue | Villager (Male) |
| 11:58 | Queue | Serjeant |
| 11:59 | Queue | Serjeant |
| 12:02 | Build | Palisade Wall |
| 12:10 | Build | Palisade Wall |
| 12:28 | Queue | Villager (Male) |
| 12:50 | Queue | Archer |
| 12:59 | Queue | Serjeant |
| 13:02 | Queue | Villager (Male) |
| 13:11 | Queue | Villager (Male) |
| 13:14 | Build | Farm |
| 13:15 | Build | Farm |
| 13:18 | Build | Farm |
| 13:22 | Queue | Villager (Male) |
| 13:34 | Build | Donjon |
| 13:58 | Queue | Archer |
| 14:00 | Queue | Villager (Male) |
| 14:01 | Build | House |
| 14:06 | Build | House |
| 14:25 | Build | House |
| 14:34 | Queue | Archer |
| 14:42 | Queue | Villager (Male) |
| 14:47 | Build | Mining Camp |
| 14:52 | Build | Farm |
| 14:56 | Queue | Villager (Male) |
| 14:59 | Build | House |
| 15:18 | Queue | Serjeant |
| 15:19 | Queue | Archer |
| 15:28 | Queue | Villager (Male) |
| 15:31 | Build | Farm |
| 15:33 | Build | Farm |
| 16:39 | Queue | Serjeant |
| 17:39 | Build | Donjon |
| 17:46 | Queue | Villager (Male) |
| 17:47 | Build | Farm |
| 17:47 | Build | Farm |
| 17:49 | Build | Farm |
| 17:52 | Build | Blacksmith |
| 17:55 | Queue | Villager (Male) |
| 17:56 | Build | Farm |
| 17:57 | Build | Farm |
| 18:22 | Queue | Serjeant |
| 18:35 | Build | Mining Camp |
| 18:42 | Queue | Archer |
| 18:42 | Queue | Archer |
| 18:45 | Queue | Villager (Male) |
| 18:47 | Build | Farm |
| 18:48 | Research | Fletching |
| 18:49 | Research | Fletching |
| 19:02 | Research | Double-Bit Axe |
| 19:03 | Queue | Villager (Male) |
| 19:11 | Queue | Archer |
| 19:25 | Build | Donjon |
| 19:29 | Queue | Serjeant |
| 19:34 | Queue | Archer |
| 19:44 | Queue | Villager (Male) |
| 19:47 | Build | Farm |
| 19:51 | Build | Farm |
| 19:53 | Queue | Villager (Male) |
| 19:59 | Queue | Villager (Male) |
| 20:16 | Build | House |
| 20:22 | Queue | Villager (Male) |
| 20:41 | Build | Donjon |
| 20:50 | Build | House |
| 21:01 | Queue | Archer |
| 21:31 | Queue | Villager (Male) |
| 21:35 | Build | Farm |
| 21:36 | Queue | Villager (Male) |
| 21:38 | Build | Market |
| 21:45 | Build | Donjon |
| 21:48 | Queue | Serjeant |
| 21:55 | Queue | Archer |
| 22:43 | Build | Mining Camp |
| 23:10 | Build | Donjon |
| 23:11 | Queue | Villager (Male) |
| 23:13 | Build | Farm |
| 23:14 | Build | Farm |
| 23:15 | Build | Farm |
| 23:17 | Build | Farm |
Build order — L
140 actions detected in the replay
| 0:00 | Queue | Villager (Male) |
| 0:00 | Queue | Villager (Male) |
| 0:02 | Build | House |
| 0:03 | Build | House |
| 0:08 | Queue | Villager (Male) |
| 0:17 | Queue | Villager (Male) |
| 1:34 | Queue | Villager (Male) |
| 2:06 | Queue | Villager (Male) |
| 2:14 | Queue | Villager (Male) |
| 2:46 | Queue | Villager (Male) |
| 3:01 | Build | Barracks |
| 3:06 | Queue | Villager (Male) |
| 3:26 | Build | House |
| 3:37 | Queue | Villager (Male) |
| 3:52 | Queue | Villager (Male) |
| 4:12 | Queue | Militia |
| 4:15 | Build | House |
| 4:22 | Queue | Villager (Male) |
| 4:38 | Queue | Militia |
| 4:48 | Build | Palisade Wall |
| 4:57 | Queue | Militia |
| 5:03 | Queue | Villager (Male) |
| 5:26 | Queue | Villager (Male) |
| 5:48 | Queue | Villager (Male) |
| 5:58 | Queue | Villager (Male) |
| 6:23 | Queue | Villager (Male) |
| 7:00 | Queue | Villager (Male) |
| 7:06 | Queue | Villager (Male) |
| 7:18 | Build | Mill |
| 7:41 | Build | Mill |
| 7:45 | Queue | Villager (Male) |
| 7:57 | Queue | Villager (Male) |
| 8:13 | Queue | Villager (Male) |
| 8:29 | Build | Palisade Wall |
| 8:58 | Build | Lumber Camp |
| 9:07 | Build | Palisade Wall |
| 9:10 | Queue | Villager (Male) |
| 9:28 | Build | House |
| 9:32 | Queue | Villager (Male) |
| 9:40 | Queue | Villager (Male) |
| 10:10 | Queue | Villager (Male) |
| 10:12 | Queue | Villager (Male) |
| 10:17 | Queue | Villager (Male) |
| 10:21 | Build | Palisade Wall |
| 10:23 | Build | House |
| 10:39 | Build | Palisade Wall |
| 10:43 | Research | Loom |
| 10:53 | Build | Palisade Wall |
| 10:54 | Build | Palisade Wall |
| 11:24 | Build | Farm |
| 11:27 | Research | Feudal Age |
| 11:39 | Build | Palisade Wall |
| 11:48 | Queue | Villager (Male) |
| 11:51 | Queue | Villager (Male) |
| 11:53 | Queue | Villager (Male) |
| 12:03 | Build | Palisade Gate |
| 12:08 | Queue | Villager (Male) |
| 12:22 | Queue | Villager (Male) |
| 12:27 | Build | Palisade Gate |
| 12:54 | Queue | Villager (Male) |
| 13:19 | Build | Palisade Wall |
| 13:21 | Queue | Villager (Male) |
| 13:27 | Build | Palisade Wall |
| 13:38 | Age | Feudal Age |
| 13:40 | Build | Watch Tower |
| 13:50 | Build | Palisade Wall |
| 13:54 | Queue | Villager (Male) |
| 13:56 | Queue | Villager (Male) |
| 14:23 | Build | Palisade Wall |
| 14:48 | Build | Lumber Camp |
| 14:56 | Research | Town Watch |
| 14:58 | Build | Farm |
| 15:10 | Research | Double-Bit Axe |
| 15:22 | Build | Farm |
| 15:30 | Queue | Villager (Male) |
| 15:37 | Queue | Villager (Male) |
| 15:39 | Build | Mining Camp |
| 15:48 | Build | Palisade Wall |
| 15:52 | Build | House |
| 15:55 | Build | House |
| 16:00 | Build | Farm |
| 16:05 | Research | Wheelbarrow |
| 16:07 | Research | Horse Collar |
| 16:08 | Queue | Villager (Male) |
| 16:41 | Queue | Villager (Male) |
| 16:47 | Build | Watch Tower |
| 16:54 | Build | Mill |
| 17:32 | Build | Palisade Gate |
| 17:42 | Build | Palisade Wall |
| 18:01 | Queue | Villager (Male) |
| 18:04 | Build | Palisade Wall |
| 18:17 | Build | Farm |
| 18:24 | Build | House |
| 18:27 | Build | Farm |
| 18:28 | Build | Farm |
| 18:28 | Build | Farm |
| 18:34 | Build | Watch Tower |
| 18:43 | Build | Farm |
| 18:45 | Build | Farm |
| 18:48 | Build | Farm |
| 18:50 | Build | Farm |
| 19:01 | Queue | Villager (Male) |
| 19:12 | Queue | Villager (Male) |
| 19:12 | Queue | Villager (Male) |
| 19:22 | Build | Watch Tower |
| 19:24 | Queue | Villager (Male) |
| 19:31 | Build | Blacksmith |
| 19:37 | Build | Mill |
| 19:38 | Build | Farm |
| 19:38 | Build | Farm |
| 19:39 | Build | Farm |
| 19:39 | Build | Farm |
| 19:45 | Queue | Villager (Male) |
| 19:56 | Build | Farm |
| 20:00 | Build | Farm |
| 20:01 | Queue | Villager (Male) |
| 20:13 | Build | Watch Tower |
| 20:17 | Queue | Villager (Male) |
| 20:26 | Research | Fletching |
| 20:26 | Research | Fletching |
| 20:32 | Queue | Villager (Male) |
| 20:37 | Build | Stone Wall |
| 20:39 | Build | Stone Wall |
| 20:42 | Build | Stone Wall |
| 20:47 | Build | House |
| 21:00 | Build | Lumber Camp |
| 21:03 | Build | Farm |
| 21:04 | Queue | Villager (Male) |
| 21:08 | Queue | Villager (Male) |
| 21:34 | Queue | Villager (Male) |
| 21:38 | Build | Farm |
| 22:29 | Queue | Villager (Male) |
| 22:35 | Build | Farm |
| 22:36 | Queue | Villager (Male) |
| 22:37 | Queue | Villager (Male) |
| 22:50 | Queue | Villager (Male) |
| 22:59 | Queue | Villager (Male) |
| 23:21 | Build | Market |
| 23:22 | Queue | Villager (Male) |
| 23:25 | Queue | Villager (Male) |
Match timeline
| 3:01 | L · first_building Barracks |
| 3:30 | Solaiman III · wall_segment Palisade Wall x3 |
| 4:48 | L · wall_segment Palisade Wall x3 |
| 8:14 | Solaiman III · first_building Donjon |
| 8:29 | L · wall_segment Palisade Wall x9 |
| 8:55 | Solaiman III · age_up feudal |
| 9:07 | L · wall_segment Palisade Wall x12 |
| 9:32 | Solaiman III · first_building Archery Range |
| 10:21 | L · wall_segment Palisade Wall x6 |
| 10:39 | L · wall_segment Palisade Wall x1 |
| 10:53 | L · wall_segment Palisade Wall x2 |
| 10:54 | L · wall_segment Palisade Wall x5 |
| 11:39 | L · wall_segment Palisade Wall x8 |
| 12:02 | Solaiman III · wall_segment Palisade Wall x1 |
| 12:10 | Solaiman III · wall_segment Palisade Wall x1 |
| 13:19 | L · wall_segment Palisade Wall x10 |
| 13:27 | L · wall_segment Palisade Wall x6 |
| 13:38 | L · age_up feudal |
| 13:50 | L · wall_segment Palisade Wall x1 |
| 14:23 | L · wall_segment Palisade Wall x3 |
| 15:48 | L · wall_segment Palisade Wall x6 |
| 17:42 | L · wall_segment Palisade Wall x1 |
| 18:04 | L · wall_segment Palisade Wall x1 |
| 20:37 | L · wall_segment Stone Wall x1 |
| 20:39 | L · wall_segment Stone Wall x1 |
| 20:42 | L · wall_segment Stone Wall x1 |
| 23:35 | L · resign |
[ AI ANALYSIS · 1 CREDIT ]
What really happened in this match?
Wolo.gg analyzes every decision: build order, eco, micro, common mistakes by bracket. Personalized analysis on WhatsApp or Discord in 30 seconds.
Civ guide
Sicilians
Perfil
Jugador #10590084